Map: 2000 Atmospheres LE

Players

Bunny - Winner!

  • Race: Terran Terran

HeroMarine

  • Race: Terran Terran

Event: IEM Katowice 2022

VOD

Have the link to the VOD?

Description

Time

  • Played on: Feb. 25, 2022, 10:04 a.m.
  • Length: 9:38

All games in this series

Show
View Real Time Build Order
Export as new Build Order

Bunny Terran - Winner!

Build Orders:  

Get SALT Encoding   

  12  0:00  SCV  
  13  0:12  SCV  
  14  0:17  Supply Depot  
  14  0:24  SCV  
  15  0:38  SCV  
  15  0:39  Barracks  
  15  0:42  Refinery  
  16  0:50  SCV  
  16  0:52  Refinery  
  17  1:02  SCV  
  18  1:15  SCV  
  19  1:26  Reaper  
  19  1:27  Orbital Command  
  19  1:30  Supply Depot  
  20  1:40  Factory  
  20  1:52  SCV  
  21  1:58  Reaper  
  22  2:04  SCV  
  23  2:14  Command Center  
  23  2:16  SCV  
  24  2:24  Hellion  
  24  2:28  SCV  
  27  2:30  Barracks Reactor  
  27  2:33  Supply Depot  
  27  2:41  SCV  
  28  2:45  Widow Mine  
  28  2:48  Starport  
  30  2:53  SCV  
  29  3:06  SCV  
  29  3:07  Factory Tech Lab  
  29  3:08  Marine x2  
  32  3:18  SCV  
  33  3:25  Marine  
  33  3:26  Marine, Cyclone  
  33  3:27  Medivac  
  40  3:33  Orbital Command  
  40  3:35  SCV  
  41  3:42  Refinery  
  41  3:43  Marine x2  
  41  3:47  SCV  
  44  3:53  Supply Depot  
  44  3:59  SCV  
  44  4:01  Marine x2  
  44  4:02  SCV  
  48  4:05  Factory Tech Lab, Raven  
  50  4:11  SCV  
  50  4:14  SCV  
  52  4:19  Marine x2  
  52  4:23  SCV  
  54  4:26  SCV, Siege Tank  
  56  4:36  SCV  
  56  4:37  Marine x2  
  56  4:38  SCV  
  59  4:43  Supply Depot  
  59  4:46  Command Center  
  59  4:48  Raven  
  59  4:50  SCV  
  62  4:56  Supply Depot  
  62  5:05  SCV x2, Marine x2, Siege Tank  
  69  5:11  Refinery  
  69  5:22  Marine x2  
  69  5:23  SCV x2  
  69  5:26  Supply Depot  
  73  5:29  Supply Depot  
  73  5:35  SCV x2  
  74  5:39  Siege Tank  
  78  5:48  Barracks, Viking x2  
  78  5:49  SCV x2  
  84  5:51  Barracks  
  84  5:53  Stimpack  
  84  5:54  Marine  
  85  6:01  SCV x2  
  87  6:11  Siege Tank  
  90  6:12  Engineering Bay  
  90  6:13  Engineering Bay  
  90  6:18  Viking x2  
  92  6:23  SCV x2  
  94  6:25  Orbital Command  
  94  6:27  Marine  
  95  6:36  SCV x2  
  97  6:42  Barracks Reactor x2  
  97  6:46  Siege Tank  
  100  6:48  SCV x2, Viking  
  100  6:53  Viking  
  100  6:54  SCV  
  104  7:01  SCV x2  
  104  7:03  Marine  
  104  7:06  SCV  
  92  7:18  SCV x2, Viking, Siege Tank  
  92  7:19  SCV  
  92  7:21  Supply Depot, Refinery  
  92  7:22  Refinery, Viking  
  96  7:26  Marine x5  
  103  7:30  Barracks  
  103  7:32  Barracks  
  103  7:33  SCV x3  
  106  7:38  Combat Shield  
  106  7:45  SCV x3  
  106  7:47  Supply Depot x2, Marine x5  
  114  7:57  Siege Tank  
  115  8:03  SCV x2  
  117  8:06  SCV  
  117  8:09  Marine  
  117  8:10  Marine x4  
  121  8:17  SCV x2  
  121  8:18  SCV  
  124  8:20  Sensor Tower, Command Center  
  124  8:24  Barracks Reactor x2  
  124  8:28  Medivac x2  
  124  8:32  Supply Depot  
  128  8:39  Siege Tank  
  128  8:40  Marine x2  
  133  8:45  Supply Depot  
  133  8:47  Marine x3  
  136  8:50  Armory  
  136  8:58  Viking x2, Marine  
  136  8:59  Factory  
  136  9:01  Marine x3  
  144  9:06  Marine  
  144  9:07  Marine x3  
  148  9:10  SCV  
  148  9:11  SCV x2  
  148  9:28  Supply Depot  
Show
View Real Time Build Order
Export as new Build Order

HeroMarine Terran 

Build Orders:  

Get SALT Encoding   

  12  0:00  SCV  
  13  0:12  SCV  
  14  0:16  Supply Depot  
  14  0:24  SCV  
  15  0:38  SCV  
  15  0:39  Barracks  
  16  0:43  Refinery  
  16  0:50  SCV  
  16  0:52  Refinery  
  17  1:02  SCV  
  18  1:14  SCV  
  19  1:25  Reaper  
  19  1:26  Orbital Command  
  19  1:29  Supply Depot  
  20  1:40  Factory  
  20  1:52  SCV  
  21  1:58  Reaper  
  22  2:04  SCV  
  23  2:15  Command Center  
  23  2:16  SCV  
  24  2:24  Hellion  
  24  2:28  SCV  
  27  2:30  Barracks Reactor  
  27  2:33  Supply Depot  
  27  2:40  SCV  
  28  2:45  Widow Mine  
  28  2:47  Starport  
  30  2:52  SCV  
  31  3:04  SCV  
  31  3:10  Marine x2  
  31  3:11  Factory Tech Lab  
  32  3:13  Refinery  
  32  3:16  SCV  
  33  3:24  Starport Tech Lab  
  33  3:28  SCV, Marine x2, Orbital Command  
  36  3:36  Cyclone  
  36  3:40  SCV  
  40  3:45  Marine  
  40  3:46  Marine  
  42  3:50  Raven  
  42  3:53  SCV  
  42  3:54  SCV  
  46  4:00  Supply Depot  
  46  4:03  Marine x2  
  46  4:05  SCV  
  46  4:08  Siege Tank  
  53  4:10  SCV  
  53  4:17  SCV  
  53  4:21  Marine x2  
  53  4:22  SCV  
  57  4:29  SCV  
  56  4:34  SCV, Raven  
  56  4:39  Marine x2  
  56  4:41  SCV  
  56  4:42  Siege Tank  
  56  4:43  Supply Depot  
  62  4:58  Command Center  
  62  5:05  SCV x2, Marine x2  
  62  5:28  Siege Tank  
  67  5:36  Viking  
  67  5:38  Viking  
  67  5:40  Supply Depot, Marine  
  67  5:41  Supply Depot  
  70  5:46  Stimpack  
  70  5:54  Barracks x2  
  70  5:56  Refinery  
  70  6:02  Siege Tank  
  73  6:06  SCV, Viking  
  73  6:07  SCV  
  73  6:08  Viking  
  79  6:13  Orbital Command  
  79  6:17  Marine  
  80  6:18  SCV  
  80  6:19  SCV  
  80  6:31  SCV x2  
  80  6:32  Orbital Command  
  82  6:35  Marine  
  82  6:36  Viking  
  82  6:37  Siege Tank  
  82  6:38  Viking  
  90  6:43  SCV x2  
  90  6:45  Supply Depot  
  90  6:46  Supply Depot  
  92  6:47  Barracks Reactor x2  
  92  6:53  Marine  
  89  6:55  SCV x2  
  85  7:04  SCV  
  85  7:07  SCV  
  85  7:08  SCV  
  87  7:11  Viking, Marine  
  87  7:12  Viking  
  77  7:16  SCV  
  77  7:19  SCV  
  77  7:20  SCV  
  78  7:26  Marine x3  
  78  7:27  Marine  
  78  7:28  SCV  
  84  7:31  SCV  
  84  7:32  SCV  
  86  7:39  Engineering Bay x2  
  86  7:41  SCV  
  86  7:43  SCV, Marine  
  86  7:44  Marine, Combat Shield  
  91  7:45  Viking x2  
  91  7:49  Siege Tank  
  96  7:51  SCV  
  96  7:53  SCV  
  96  7:54  Marine x2  
  96  7:58  Marine  
  100  8:01  Refinery, Marine  
  100  8:02  Refinery  
  100  8:03  Marine  
  103  8:12  Marine  
  101  8:15  Barracks, Marine  
  101  8:16  Marine  
  101  8:17  Viking  
  101  8:18  Barracks  
  105  8:20  Viking  
  105  8:25  Siege Tank  
  110  8:32  Marine x3  
  110  8:33  Marine  
  113  8:34  Marine  
  113  8:46  Supply Depot  
  113  8:47  Supply Depot  
  113  8:49  Viking, Marine  
  113  8:50  Viking, Marine x2  
  113  8:51  Marine  
  113  8:52  Marine  
  122  8:57  Sensor Tower, Siege Tank  
  122  8:58  Supply Depot  
  125  9:05  Supply Depot  
  125  9:06  Barracks Reactor  
  125  9:07  Marine  
  125  9:08  Barracks Reactor, Marine x2  
  127  9:12  Supply Depot  
  127  9:13  Marine x2  

Tags
 
Add a new tag
Caveats
  • Supply blocks, unpowered buildings, or Contaminate may cause inaccurate times.
  • Supply counts are checked every 10 seconds.